[Event "ICC tourney 3322 (40 10)"]
[Site "Internet Chess Club"]
[Date "2023.11.11"]
[Round "5"]
[White "Klenoff, Caleb Jude:kingcaleb"]
[Black "MARKOVIC, GORAN:Goran21"]
[Result "1-0"]
[ICCResult "Black resigns"]
[WhiteElo "2039"]
[BlackElo "2005"]
[Opening "Sicilian: Smith-Morra gambit"]
[ECO "B21"]
[NIC "SI.47"]
[Time "20:00:19"]
[PlyCount "101"]
[TimeControl "2400+10"]

1. e4 c5 2. d4 cxd4 3. c3 Nf6 4. e5 Nd5 5. Qxd4 e6 6. Nf3 Nc6 7. Qe4 d6 8.
Nbd2 dxe5 9. Nxe5 Bd6 10. Nxc6 bxc6 11. Nc4 Bc5 12. Bd3 Bb7 13. O-O Nf6 14.
Qe2 O-O 15. Bg5 Be7 16. Rad1 Qc7 17. Ne5 c5 18. Bxf6 Bxf6 19. Nd7 Qc6 20.
Qg4 e5 21. Be4 Qa6 22. Bxb7 Qxb7 23. Nxf6+ Kh8 24. Nd7 Rfe8 25. b3 Rac8 26.
b4 c4 27. Nc5 Qb6 28. Rd7 Kg8 29. Qf5 Rf8 30. Rxf7 a5 31. Rxf8+ Rxf8 32.
Qe6+ Qxe6 33. Nxe6 Rf6 34. Nc5 Rc6 35. a3 Kf7 36. f4 e4 37. Re1 axb4 38.
axb4 Rd6 39. Rxe4 Rd1+ 40. Kf2 g6 41. Rxc4 Rd2+ 42. Kf3 Rc2 43. Ne4 Ke6 44.
Rd4 Ra2 45. b5 Rb2 46. Rb4 Ra2 47. b6 Ra8 48. b7 Rb8 49. Nc5+ Kd5 50. Na6
Rxb7 51. Rxb7 {Black resigns} 1-0

[Event "ICC tourney 3322 (40 10)"]
[Site "Internet Chess Club"]
[Date "2023.11.11"]
[Round "5"]
[White "AMBURGY, RYAN:rychessmaster1"]
[Black "Liang, Jason:Jupiter435"]
[Result "1-0"]
[ICCResult "Black resigns"]
[WhiteElo "2318"]
[BlackElo "2537"]
[Opening "King's Indian: Gligoric-Taimanov system"]
[ECO "E92"]
[NIC "KI.18"]
[Time "20:00:13"]
[PlyCount "117"]
[TimeControl "2400+10"]

1. d4 Nf6 2. c4 g6 3. Nc3 Bg7 4. e4 d6 5. Nf3 O-O 6. Be2 e5 7. Be3 Ng4 8.
Bg5 f6 9. Bh4 Nc6 10. d5 Ne7 11. Nd2 f5 12. Bxg4 fxg4 13. Bg5 Bf6 14. Be3 c5
15. dxc6 bxc6 16. b4 Be6 17. O-O d5 18. cxd5 cxd5 19. exd5 Nxd5 20. Nde4
Nxe3 21. fxe3 Be7 22. a3 Rxf1+ 23. Qxf1 Qb6 24. Re1 Qc6 25. Qb5 Qxb5 26.
Nxb5 Bf5 27. Nc5 a5 28. e4 axb4 29. axb4 Bc8 30. Nc7 Rb8 31. Nd5 Bf8 32. Rc1
Kf7 33. g3 Bd6 34. Kg2 Ke8 35. Rc2 Rb5 36. Kf2 Rb8 37. Ke2 Bxc5 38. Rxc5 Bb7
39. Nc3 Kd7 40. Rxe5 Rc8 41. Kd3 Rf8 42. Kd4 Rf2 43. Na4 Kd8 44. Nc5 Bc8 45.
b5 Rxh2 46. b6 Rb2 47. Rd5+ Ke8 48. Rd6 g5 49. Rh6 Kd8 50. e5 Rd2+ 51. Ke3
Rd5 52. b7 Bxb7 53. Nxb7+ Kc7 54. Rxh7+ Kc6 55. Ke4 Rb5 56. Nd8+ Kc5 57.
Rc7+ Kb4 58. Rb7 Rxb7 59. Nxb7 {Black resigns} 1-0